 Dungeon Crawl Stone Soup version 0.23.2-30-g0e89c35649 (webtiles) character file.

Game seed: 3659773318004196781

23 Fury the Grasshopper (level 3, -5/29 (30) HPs)
             Began as a Ghoul Warper on June 8, 2019.
             Slain by a worm (9 damage)
             ... on level 2 of the Dungeon.
             The game lasted 00:08:10 (1488 turns).

Fury the Grasshopper (Ghoul Warper)                 Turns: 1488, Time: 00:08:10

HP:   -5/29 (30)    AC:  4    Str: 14    XL:     3   Next: 0%
MP:   3/5           EV: 12    Int:  8    God:
Gold: 68            SH:  0    Dex:  9    Spells: 2/6 levels left

rFire    . . .     SeeInvis .   t - -1 whip (curse)
rCold    + . .     Gourm    .   (no shield)
rNeg     + + +     Faith    .   a - +0 leather armour
rPois    ∞         Spirit   .   k - +0 helmet
rElec    .         Reflect  .   (no cloak)
rCorr    .         Harm     .   (no gloves)
MR       .....                  (no boots)
Stlth    +.........             (no amulet)
HPRegen  0.00/turn              m - ring of wizardry
MPRegen  0.09/turn              (no ring)

@: rotting
A: rotting body, claws 1, carnivore, cold resistance 1, negative energy
resistance 3, inhibited regeneration, torment resistance, unbreathing
a: no special abilities


You were on level 2 of the Dungeon.
You were not hungry.

You visited 1 branch of the dungeon, and saw 2 of its levels.

You collected 68 gold pieces.

Inventory:

Hand Weapons
 e - a +0 dagger
 h - a +0 hand axe
 j - a +0 short sword
 q - a +0 club
 s - a +0 spear
 t - a cursed -1 whip (weapon)
 u - a +0 club
Missiles
 d - 5 tomahawks of dispersal (quivered)
 n - 19 sling bullets
 p - 23 stones
 r - 17 arrows
Armour
 a - a +0 leather armour (worn)
 b - a +0 ring mail
 k - a +0 helmet (worn)
Jewellery
 m - a ring of wizardry (left claw)
Scrolls
 c - 3 scrolls of blinking
 g - 2 scrolls of remove curse {unknown}
 i - 2 scrolls of teleportation {unknown}
 l - 2 scrolls of identify {unknown}
Potions
 o - a potion of degeneration {unknown}
Comestibles
 f - 6 rations


   Skills:
 + Level 2.4 Fighting
 + Level 0.8 Throwing
 + Level 1.4 Armour
 + Level 2.0 Dodging
 + Level 2.5 Unarmed Combat
 + Level 2.0 Spellcasting
 + Level 2.6 Translocations


You had 2 spell levels left.
You knew the following spells:

 Your Spells              Type           Power        Failure   Level  Hunger
a - Blink                 Tloc           N/A          9%          2    ###....
b - Shroud of Golubria    Chrm/Tloc      #.........   16%         2    ###....

Your spell library contained the following spells:

 Spells                   Type           Power        Failure   Level  Hunger
 Gell's Gravitas          Tloc           #.........   17%         3    ####...
 Lesser Beckoning         Tloc           #.........   17%         3    ####...
 Teleport Other           Tloc           #.......     17%         3    ####...
 Passage of Golubria      Tloc           N/A          47%         4    #####..


Dungeon Overview and Level Annotations

Branches:
Dungeon (2/15)

Altars:


Innate Abilities, Weirdness & Mutations

Your body is rotting away.
You thrive on raw meat.
You are immune to poison.
You have sharp fingernails.
You are carnivorous and can eat meat at any time.
Your flesh is cold resistant. (rC+)
You are immune to negative energy. (rN+++)
You do not regenerate when monsters are visible.
You are immune to unholy pain and torment.
You can survive without breathing.


Message History

The worm barely misses you.
You hit the worm.
The worm is lightly wounded.
The goblin barely misses you. The worm closely misses you.
Your shroud bends the goblin's attack away.
You hit the worm.
The worm is moderately wounded.
The goblin barely misses you.
Your shroud bends the worm's attack away.
You hit the worm but do no damage.
The worm is lightly wounded.
The goblin misses you.
You barely miss the worm.
The worm is lightly wounded.
The worm bites you but does no damage. The goblin hits you.
* * * LOW HITPOINT WARNING * * *
You hit the worm.
The worm is moderately wounded.
The goblin barely misses you. The worm bites you!
You die...

...# ...####
...... ##....##.
######..#.....
##...........##
##.............#
#...†(($wg......
#.(....[@.......
#.......(.......
#.(...........<.
#.............?.
##.............#
##.....#.....##
#############


You could see a worm and a goblin.

Vanquished Creatures
  A dart slug (D:1)
  2 leopard geckos (D:1)
  3 giant cockroaches (D:1)
  A goblin (D:1)
  2 hobgoblins (D:1)
  3 bats (D:1)
  A frilled lizard (D:1)
  4 kobolds (D:1)
  2 rats (D:2)
19 creatures vanquished.

Notes
Turn   | Place    | Note
-------+----------+-------------------------------------------
     0 | D:1      | Fury the Ghoul Warper began the quest for the Orb.
     0 | D:1      | Reached XP level 1. HP: 17/17 MP: 2/2
   141 | D:1      | Reached skill level 1 in Armour
   528 | D:1      | Reached XP level 2. HP: 20/24 MP: 3/3
  1426 | D:1      | Learned a level 2 spell: Blink
  1429 | D:1      | Learned a level 2 spell: Shroud of Golubria
  1455 | D:1      | You fall through a shaft!
  1465 | D:2      | Reached XP level 3. HP: 25/29 MP: 5/5
  1488 | D:2      | Slain by a worm

Skill      XL: |  1  2 |
---------------+-------+-----
Armour         | 1 |  1.4
Dodging        | 2 |  2.0
Spellcasting   | 2 |  2.0
Fighting       | |  2.4
Throwing       | |  0.8
Unarmed Combat | |  2.5
Translocations | |  2.6

Action                   || total
-------------------------++-------
Melee: Unarmed           ||    50
       Short sword       ||    24
       Whip              ||    22
 Cast: Shroud of Golubri ||     1
  Eat: Chunk             ||     2
Armor: Leather armour    ||    33
Dodge: Dodged            ||    63
